 Dungeon Sprint DCSS version 0.18-a0-1350-g404b4cb (webtiles) character file.

2291 Kidiri the Covert (level 9, -1/46 HPs)
             Began as a Spriggan Enchanter on Feb 18, 2016.
             Was an Initiate of Dithmenos.
             Slain by a kraken (30 damage)
             ... in the Dungeon (Sprint II: "The Violet Keep of Menkaure").
             The game lasted 00:09:08 (1447 turns).

Kidiri the Covert (Spriggan Enchanter)              Turns: 1447, Time: 00:09:08

Health: -1/46      AC:  6    Str:  4    XL:     9   Next: 17%
Magic:  2/24       EV: 28    Int: 18    God:    Dithmenos [......]
Gold:   281        SH:  0    Dex: 18    Spells: 9 memorised, 0 levels left

rFire  . . .     SeeInvis +     a - +1 dagger
rCold  . . .     Gourm    .     b - +1 robe
rNeg   . . .     Faith    .     (shield restricted)
rPois  .         Spirit   .     r - +2 hat
rElec  .         Dismiss  .     p - +0 cloak
rCorr  .         Reflect  .     (gloves unavailable)
SustAt .         Harm     .     (boots unavailable)
MR     +....     NoTele   +     (no amulet)
Stlth  ++++++....               (no ring)
                                (no ring)

@: very quick, somewhat resistant to hostile enchantments, very stealthy
A: unfitting armour, see invisible, herbivore 3, speed 3, slow metabolism 2
a: Renounce Religion


You were in the Dungeon.
You worshipped Dithmenos.
Dithmenos was noncommittal.
You were not hungry.

You visited 1 branch You collected 1181 gold pieces.
You spent 900 gold pieces at shops.

Inventory:

Hand Weapons
 a - a +1 dagger (weapon)
Armour
 b - a +1 robe (worn)
 p - a +0 cloak (worn)
 r - a +2 hat (worn)
 v - a +0 buckler
Scrolls
 j - a scroll of blinking
 k - 3 scrolls of identify {unknown}
 l - 2 scrolls of random uselessness {unknown}
 m - 3 scrolls of remove curse {unknown}
 n - 2 scrolls of enchant weapon {unknown}
 q - a scroll of magic mapping {unknown}
 t - a scroll of fog {unknown}
Potions
 f - a potion of might {unknown}
 g - 2 potions of haste
 h - 5 potions of magic
 i - a potion of heal wounds
 o - 3 potions of flight {unknown}
 s - 2 potions of curing
 u - 4 potions of resistance {unknown}
Books
 c - a book of Maledictions

   Spells                             Type                      Level
   a - Corona                         Hexes                        1
   b - Ensorcelled Hibernation        Hexes/Ice                    2
   c - Confuse                        Hexes                        3
   d - Tukima's Dance                 Hexes                        3
   e - Dazzling Spray                 Conjuration/Hexes            3
 e - a book of Burglary

   Spells                             Type                      Level
   a - Swiftness                      Charms/Air                   2
   b - Passwall                       Transmutation/Earth          2
   c - Passage of Golubria            Translocation                4
   d - Lee's Rapid Deconstruction     Earth                        5
   e - Darkness                       Hexes                        6
   f - Invisibility                   Hexes                        6
Comestibles
 d - a bread ration


   Skills:
 + Level 4.7 Fighting
 * Level 9.5 Short Blades
 + Level 4.2 Armour
 * Level 12.0 Dodging
 * Level 13.1 Stealth
 * Level 0.0 Shields
 * Level 10.5 Spellcasting
 + Level 3.1 Conjurations
 + Level 8.1 Hexes
 + Level 2.8 Translocations
 + Level 2.5 Transmutations
 + Level 3.4 Ice Magic
 + Level 1.5 Earth Magic
 + Level 0.0 Invocations


You couldn't memorise any spells.
You knew the following spells:

 Your Spells              Type           Power        Failure   Level  Hunger
a - Corona                Hex            #####..      1%          1    None
b - Ensorcelled Hibernat  Hex/Ice        ####..       1%          2    None
c - Confuse               Hex            #####...     1%          3    None
d - Tukima's Dance        Hex            #####...     1%          3    None
e - Dazzling Spray        Conj/Hex       ####....     2%          3    None
f - Passwall              Trmt/Erth      ###.......   6%          2    None
g - Passage of Golubria   Tloc           N/A          28%         4    ###....
h - Lee's Rapid Deconstr  Erth           ###.......   93%         5    #####..
i - Invisibility          Hex            #####...     45%         6    ######.


Dungeon Overview and Level Annotations

Branches:
Dungeon (1/1)

Altars:
Cheibriados
Dithmenos
Elyvilon
Fedhas
Gozag
Kikubaaqudgha
Makhleb
Nemelex Xobeh
Okawaru
Pakellas
Qazlal
Ru
Sif Muna
Trog
Vehumet
Xom
Yredelemnul
Zin
The Shining One
Beogh
Jiyva
Lugonu

Shops:
D =::!:[=?[([%:=}!

Annotations:
D exclusion: oklob plant, Roxanne


Innate Abilities, Weirdness & Mutations

You are tiny and cannot use many weapons and most armour.
You have supernaturally acute eyesight.
You are an herbivore.
You cover ground extremely quickly.
You need consume almost no food.


Message History

The kraken is heavily wounded.
The kraken is no longer blind.
Casting: Dazzling Spray
Confirm with . or Enter, or press ? or * to list all spells.
Aiming: Dazzling Spray
Press: ? - help, Shift-Dir - straight line, f/p - kraken
Aim: a kraken (water, heavily wounded, confused)
The spray of energy hits the kraken.
The kraken is heavily wounded.
You hit the kraken but do no damage.
The kraken is heavily wounded.
You hit the kraken but do no damage.
The kraken is heavily wounded.
You hit the kraken but do no damage.
The kraken is heavily wounded.
You hit the kraken but do no damage.
The kraken is heavily wounded.
The kraken bites you!!
Ouch! That really hurt!
You die...

.####}§▓.).(.)((▓▓
...####▓..([....▓▓
#..##.#▓..(%.%.)▓▓
+..#..#▓...%...)▓▓
#.^#.)#▓(....(..▓▓
#..##.#▓(.((....▓▓
##...##▓▓▓▓▓▓▓'▓▓▓▓+▓
.≈≈≈≈≈≈≈≈≈≈≈≈≈...≈≈≈▓
.≈#+########+###@X≈≈▓
.≈#_._._...#≈§≈##≈≈≈▓
.≈#._._._..#§§§≈####▓
≈≈#_._._._.#≈≈§§§#
§≈#._._._._#§§t§≈§
§§#.._._._.#§§§≈§≈
≈§#..._._._#§t§§≈
§§#...._._.#§
≈≈#........#≈


You could see a kraken (confused).

Vanquished Creatures
  A yaktaur (D)
  3 polar bears (D)
  2 boulder beetles (D)
  4 neqoxecs (D)
  Menkaure (D)
  4 necrophages (D)
  A wasp (D)
  A scorpion (D)
  4 worker ants (D)
21 creatures vanquished.

Vanquished Creatures (others)
  A crocodile (D)
  4 tentacles (D)
  74 tentacle segments (D)
79 creatures vanquished.

Grand Total: 100 creatures vanquished

Notes
Turn   | Place    | Note
--------------------------------------------------------------
     0 | D        | Kidiri the Spriggan Enchanter began the quest for the Orb.
     0 | D        | Reached XP level 1. HP: 9/9 MP: 5/5
     1 | D        | Noticed a necrophage
     1 | D        | Noticed a necrophage
     1 | D        | Noticed a necrophage
     1 | D        | Noticed a necrophage
     8 | D        | Killed a necrophage
     8 | D        | Reached skill level 1 in Fighting
     8 | D        | Reached skill level 1 in Armour
     8 | D        | Reached skill level 5 in Dodging
     8 | D        | Reached skill level 7 in Stealth
     8 | D        | Reached skill level 5 in Spellcasting
     8 | D        | Reached XP level 2. HP: 15/15 MP: 5/9
     8 | D        | Reached XP level 3. HP: 18/18 MP: 5/10
     8 | D        | Reached XP level 4. HP: 23/23 MP: 6/12
    17 | D        | Killed a necrophage
    17 | D        | Reached skill level 5 in Short Blades
    17 | D        | Reached skill level 8 in Stealth
    17 | D        | Reached skill level 5 in Hexes
    17 | D        | Reached XP level 5. HP: 22/27 MP: 6/14
    24 | D        | Killed a necrophage
    24 | D        | Reached skill level 9 in Stealth
    24 | D        | Reached XP level 6. HP: 27/32 MP: 7/16
    77 | D        | Learned a level 3 spell: Confuse
   105 | D        | Learned a level 2 spell: Ensorcelled Hibernation
   109 | D        | Learned a level 3 spell: Tukima's Dance
   113 | D        | Learned a level 3 spell: Dazzling Spray
   122 | D        | Noticed a boulder beetle
   122 | D        | Noticed a boulder beetle
   125 | D        | Noticed a neqoxec
   125 | D        | Noticed a neqoxec
   125 | D        | Noticed a neqoxec
   125 | D        | Noticed a neqoxec
   127 | D        | Killed a neqoxec
   127 | D        | Reached skill level 10 in Stealth
   127 | D        | Reached skill level 1 in Ice Magic
   129 | D        | Killed a neqoxec
   129 | D        | Reached skill level 1 in Conjurations
   129 | D        | Reached XP level 7. HP: 36/36 MP: 13/19
   134 | D        | Killed a neqoxec
   134 | D        | Reached skill level 10 in Dodging
   134 | D        | Reached skill level 11 in Stealth
   139 | D        | Killed a neqoxec
   282 | D        | Killed a boulder beetle
   282 | D        | Reached XP level 8. HP: 42/42 MP: 19/22
   288 | D        | Killed a boulder beetle
   288 | D        | Reached skill level 12 in Stealth
   309 | D        | Noticed Roxanne
   311 | D        | Noticed Menkaure
   312 | D        | Found Palyfit's Gadget Shoppe.
   312 | D        | Found Lucoluet's Distillery.
   327 | D        | Killed Menkaure
   565 | D        | Noticed an ice statue
   569 | D        | Found Miubaati's Jewellery Shoppe.
   570 | D        | Found Vyof's Food Emporium.
   571 | D        | Found Asuinoah's Antique Weapon Shoppe.
   578 | D        | Found Ysmat's Antique Armour Shoppe.
   578 | D        | Found Pogumm's Book Emporium.
   580 | D        | Found Wetzahoff's Antique Armour Shoppe.
   580 | D        | Found Loenu's Magic Scroll Emporium.
   581 | D        | Found Dotaepid's Jewellery Shoppe.
   581 | D        | Found Benaphud's Antique Armour Emporium.
   584 | D        | Found Xessoag's Book Shoppe.
   584 | D        | Found Waell's Distillery.
   584 | D        | Noticed a great orb of eyes
   584 | D        | Noticed an oklob plant
   585 | D        | Found Ibomnear's Book Shoppe.
   585 | D        | Found Iklegan's Jewellery Emporium.
   585 | D        | Found Zeofan's Book Shoppe.
   597 | D        | Bought a book of Burglary for 900 gold pieces
   600 | D        | Learned a level 2 spell: Passwall
   605 | D        | Learned a level 4 spell: Passage of Golubria
   611 | D        | Learned a level 5 spell: Lee's Rapid Deconstruction
   739 | D        | Found a shimmering altar of Xom.
   739 | D        | Found a stormy altar of Qazlal.
   740 | D        | Found a white marble altar of Elyvilon.
   740 | D        | Found a corrupted altar of Lugonu.
   741 | D        | Found an ancient bone altar of Kikubaaqudgha.
   741 | D        | Found a shadowy altar of Dithmenos.
   741 | D        | Found an oddly glowing altar of Pakellas.
   742 | D        | Found a radiant altar of Vehumet.
   742 | D        | Found a viscous altar of Jiyva.
   742 | D        | Found a snail-covered altar of Cheibriados.
   743 | D        | Found a deep blue altar of Sif Muna.
   743 | D        | Found a sacrificial altar of Ru.
   743 | D        | Found a glowing silver altar of Zin.
   744 | D        | Found a burning altar of Makhleb.
   744 | D        | Found a roughly hewn altar of Beogh.
   744 | D        | Found a basalt altar of Yredelemnul.
   745 | D        | Found a sparkling altar of Nemelex Xobeh.
   745 | D        | Found a blossoming altar of Fedhas.
   746 | D        | Found an iron altar of Okawaru.
   747 | D        | Noticed a yaktaur
   747 | D        | Noticed a polar bear
   748 | D        | Noticed a polar bear
   748 | D        | Noticed a polar bear
   749 | D        | Killed a polar bear
   749 | D        | Reached skill level 10 in Spellcasting
   749 | D        | Reached skill level 1 in Translocations
   749 | D        | Reached skill level 1 in Transmutations
   757 | D        | Killed a polar bear
   757 | D        | Reached skill level 1 in Earth Magic
   762 | D        | Killed a yaktaur
   762 | D        | Reached skill level 13 in Stealth
   762 | D        | Reached XP level 9. HP: 46/46 MP: 10/24
   767 | D        | Killed a polar bear
   781 | D        | Learned a level 6 spell: Invisibility
   837 | D        | Found a glowing golden altar of the Shining One.
   840 | D        | Found a bloodstained altar of Trog.
   840 | D        | Found an opulent altar of Gozag.
   844 | D        | Became a worshipper of Dithmenos the Shadowed
   859 | D        | Noticed a kraken
  1447 | D        | Slain by a kraken

Vault maps used:
D:        the_violet_keep_of_menkaure

Action                   |  1- 3 |  4- 6 |  7- 9 || total
-------------------------+-------+-------+-------++-------
Melee: Dagger            |     4 |    28 |    44 ||    76
 Cast: Corona            |     1 |       |       ||     1
       Ensorcelled Hiber |       |     2 |    14 ||    16
       Confuse           |       |     1 |     6 ||     7
       Dazzling Spray    |       |       |    15 ||    15
  Use: Potion            |     1 |     2 |       ||     3
 Stab: Sleeping          |       |     2 |    11 ||    13
       Confused          |       |     1 |     6 ||     7
       Invisible         |       |       |     1 ||     1
